 Dungeon Crawl Stone Soup version 0.29-a0-207-gf982a884d8 (webtiles) character file.

Game seed: 5836152863178492277

91 ReploidZero the Shield-Bearer (level 4, -1/24 HPs)
             Began as a Vine Stalker Fighter on Feb 23, 2022.
             Slain by Grinder (10 damage)
             ... on level 3 of the Dungeon.
             The game lasted 00:06:39 (2484 turns).

ReploidZero the Shield-Bearer (VSFi)                Turns: 2484, Time: 00:06:40

Health: -1/24      AC:  0    Str: 21    XL:     4   Next: 57%
Magic:  0/5        EV: 13    Int:  8    God:
Gold:   80         SH:  0    Dex: 13    Spells: 3/3 levels left

rFire   . . .      SeeInvis .   (weapon currently unavailable)
rCold   . . .      Faith    .   (shield currently unavailable)
rNeg    . . .      Spirit   +   (body armour currently unavailable)
rPois   .          Reflect  .   (helmet currently unavailable)
rElec   .          Harm     .   (cloak currently unavailable)
rCorr   .          Rampage  .   (gloves currently unavailable)
Will    .....                   (boots currently unavailable)
Stlth   +.........              (no amulet)
HPRegen 0.88/turn               (ring currently unavailable)
MPRegen 0.09/turn               (ring currently unavailable)

@: pig-form, very quick
A: fast, no casting, small, (fangs 2), regeneration 1, magic shield, (antimagic
bite), no potion heal 2
a: no special abilities


You were on level 3 of the Dungeon.
You were a filthy swine.
You visited 1 branch of the dungeon, and saw 3 of its levels.

You collected 80 gold pieces.

Inventory:

Hand Weapons
 a - a +0 long sword (melded)
Armour
 b - a +0 scale mail (melded)
 c - a +0 buckler (melded)
 h - a +0 pair of gloves (melded)
Jewellery
 m - a ring of protection from cold (melded)
 q - a +6 ring of intelligence (melded)
 s - a ring of fire
Wands
 p - a wand of polymorph (3)
Scrolls
 g - 3 scrolls of teleportation {unknown}
 j - 2 scrolls of identify {unknown}
 k - 2 scrolls of blinking {unknown}
 l - 2 scrolls of amnesia {unknown}
 n - a scroll of enchant weapon {unknown}
 o - 2 scrolls of immolation {unknown}
 t - a scroll of noise {unknown}
Potions
 d - a potion of might
 e - 2 potions of brilliance {unknown}
 f - a potion of curing {unknown}
 i - a potion of invisibility {unknown}
 r - a potion of berserk rage {unknown}


   Skills:
 + Level 3.3 Fighting
 + Level 2.5 Long Blades
 + Level 3.0 Armour
 + Level 3.3 Shields


You had 3 spell levels left.
You didn't know any spells.
Your spell library was empty.

Dungeon Overview and Level Annotations

Branches:
Dungeon (3/15)

Altars:

Annotations:
D:3 Grinder


Innate Abilities, Weirdness & Mutations

You are a filthy swine.
You move quickly.
Your equipment is almost entirely melded.
You are incapable of wielding weapons or throwing items.
You cannot cast spells.
((You have extremely sharp teeth.))
Your natural rate of healing is unusually fast.
When hurt, damage is shared between your health and your magic reserves.
((Your bite disrupts and absorbs the magic of your enemies.))
Potions cannot restore your health.


Message History

You block Grinder's attack.
You hit Grinder.
Grinder is heavily wounded.
You block Grinder's attack. Grinder hits you but does no damage.
You slash Grinder!
Grinder is severely wounded.
Grinder hits you but does no damage.
You hit Grinder.
Grinder is almost dead.
Grinder blinks!
You cannot move.
You cannot move.
Aiming: Polymorph
Press: ? - help, Shift-Dir - straight line, f - Grinder
Aim: Grinder, carrying a wand of polymorph (2) (almost dead, will become a chaos spawn, a lemure, or a neqoxec, chance to affect: 49%)
Okay, then.
Unknown command.
You feel less wooden.
Your +0 pair of gloves unmelds from your body.
Your +0 scale mail unmelds from your body.
Grinder zaps a wand.
You resist with some effort. Grinder gestures at you.
Pain shoots through your body! Grinder gestures at you.
You struggle to resist.
Grinder zaps a wand.
You turn into a filthy swine.
Your +0 long sword melds into your body.
Your +0 pair of gloves melds into your body.
Your +0 buckler melds into your body.
Your +0 scale mail melds into your body.
Your ring of protection from cold melds into your body.
Your +6 ring of intelligence melds into your body.
You feel stupid.
The now-empty wand crumbles to dust.
Grinder completely misses you.
You hit Grinder but do no damage.
Grinder is severely wounded.
Grinder hits you! Grinder hits you!
You die...

.# ........... .#
#.......... .# #.........
### .#####. ##........#
... .....#.# #.........#
..# .....#..##.........#
...#
.....##............###...#
.|....................#
.....###..##....h.....#
.....##........5......+
............####...##.#
.....#.##<#...##.#....#
######.#..###....####.#
#...##.#.## ###....# # #
#......# #.##....# #
#....### ... ....#
..).#... ..... ...#


You could see Grinder.

Vanquished Creatures
  A gnoll (D:2)
  2 adders (D:2)
  A worm (D:3)
  2 dart slugs
  4 bats
  4 endoplasms
  3 giant cockroaches
  5 goblins
  6 hobgoblins
  2 jackals (D:1)
  7 kobolds
  4 quokkas (D:1)
  3 ball pythons
  2 frilled lizards
  3 rats
49 creatures vanquished.

Notes
Turn   | Place    | Note
-------+----------+-------------------------------------------
     0 | D:1      | ReploidZero the Vine Stalker Fighter began the quest for
                  | the Orb.
     0 | D:1      | Reached XP level 1. HP: 11/11 MP: 2/2
   228 | D:1      | Reached XP level 2. HP: 4/16 MP: 3/3
  1065 | D:1      | Reached XP level 3. HP: 20/20 MP: 4/4
  1920 | D:2      | Gained mutation: Your natural rate of healing is unusually
                  | fast. [Vine Stalker growth]
  1920 | D:2      | Reached XP level 4. HP: 19/24 MP: 3/5
  2011 | D:2      | Found a faded altar of an unknown god.
  2096 | D:2      | Noticed Terence
  2106 | D:2      | Noticed Terence
  2106 | D:2      | Terence changed into Terence the gnoll
  2113 | D:2      | Killed Terence the gnoll
  2448 | D:3      | Noticed Grinder
  2459 | D:3      | Paralysed by Grinder for 4 turns
  2484 | D:3      | Slain by Grinder

Illustrated notes

Levels and vault maps discovered:
D:1:      dpeg_arrival_round_c, layout_basic
D:2:      layout_rooms, hellmonk_ecumenical_altar_lost_god,
          serial_park_tiny_pond, uniq_terence
D:3:      layout_rooms, dk_noncrumbling_2, hangedman_abyss_or_decor_stabs,
          kennysheep_small_spiral, uniq_grinder

Skill      XL: |  1  2  3  4 |
---------------+-------------+-----
Long Blades    | 2 |  2.5
Shields        | 3 |  3.3
Fighting       | 3 |  3.3
Armour         | 3 |  3.0

Action                   |  1- 3 |  4- 6 || total
-------------------------+-------+-------++-------
Melee: Long sword        |   103 |    61 ||   164
       Bite              |    22 |    16 ||    38
       Morningstar       |       |     3 ||     3
       Unarmed           |       |     1 ||     1
Evoke: Wand              |       |     1 ||     1
Armor: Scale mail        |    49 |    31 ||    80
       Skin              |       |     9 ||     9
Dodge: Dodged            |    62 |    22 ||    84
Block: Buckler           |    28 |    14 ||    42

Table legend: (Time is in decaauts)
 A = Elapsed time spent in this place.
 B = Non-inter-level travel time spent in this place.
 C = Inter-level travel time spent in this place.
 D = Time resting spent in this place.
 E = Time spent auto-exploring this place.
 F = Levels seen in this place.
 G = Mean time per level.
                   A        B        C        D        E       F      G
               +--------+--------+--------+--------+--------+-----+--------+
         Total |   2535 |   2459 |     76 |      0 |   1994 |   3 |  845.0 |
       Dungeon |   2535 |   2459 |     76 |      0 |   1994 |   3 |  845.0 |
               +--------+--------+--------+--------+--------+-----+--------+

Top non-repeatable levels by time:
     D:1: 1866 daAuts
     D:2: 529 daAuts
     D:3: 139 daAuts
